 Dungeon Crawl Stone Soup version 0.29.1-1-gd02db6906a (webtiles) character file.

Game seed: 7993788191504934648

175086 LabCoat the Warrior (level 18, 0/173 HPs)
             Began as a Hill Orc Fighter on Sept 16, 2022.
             Was a High Priest of Trog.
             Shot with a bolt by a naga sharpshooter (8 damage)
             ... on level 3 of the Snake Pit on Sept 17, 2022.
             The game lasted 03:04:07 (42445 turns).

LabCoat the Warrior (Hill Orc Fighter)             Turns: 42445, Time: 03:04:07

Health: 0/173      AC: 31    Str: 29    XL:     18   Next: 8%
Magic:  8/18       EV: 11    Int: 11    God:    Trog [*****.]
Gold:   756        SH: 13    Dex: 10    Spells: 17/17 levels left

rFire   . . .      SeeInvis .   V - +3 broad axe (freeze)
rCold   . . .      Faith    .   Y - +1 kite shield {rPois}
rNeg    . . .      Spirit   .   x - +1 plate armour
rPois   +          Reflect  .   g - +1 helmet
rElec   .          Harm     .   m - +1 cloak
rCorr   +          Rampage  .   O - +0 pair of gloves of the Devil's Advocate {rCorr Str+2 Int+3}
Will    +++..      NoTele   +   e - +1 pair of boots
Stlth   ..........              R - amulet of regeneration
HPRegen 2.18/turn               f - +4 ring of protection
MPRegen 0.16/turn               P - +4 ring of evasion

@: untranslocatable, strong-willed, on berserk cooldown, regenerating, hasted
and slowed
A: no striking features
a: Renounce Religion, Berserk, Trog's Hand, Brothers in Arms


You were on level 3 of the Snake Pit.
You worshipped Trog.
Trog was extremely pleased with you.
You visited 6 branches of the dungeon, and saw 30 of its levels.
You visited the Abyss 1 time.

You collected 2933 gold pieces.
You spent 2177 gold pieces at shops.

Inventory:

Hand Weapons
 d - a +2 flail of holy wrath
 j - the +5 hand crossbow "Opyis" {vorpal, rPois Dex+3 Stlth+}
   (You took it off a naga sharpshooter on level 2 of the Snake Pit)

   Any ammunition fired from it inflicts extra damage upon your enemies.
   Dex:       It affects your dexterity (+3).
   rPois:     It protects you from poison.
   Stlth:     It makes you more stealthy.
 p - a +0 battleaxe of venom
 G - a +2 flail of protection
 M - a +5 antimagic broad axe
 T - a +1 vampiric war axe
 V - a +3 broad axe of freezing (weapon)
Missiles
 l - 20 javelins
 w - 72 poisoned darts
 z - 14 boomerangs (quivered)
 H - 3 silver javelins
 K - 7 curare-tipped darts
Armour
 e - a +1 pair of boots (worn)
 g - a +1 helmet (worn)
 h - a scarf of invisibility
 m - a +1 cloak (worn)
 x - a +1 plate armour (worn)
 y - the +1 Delatra's gloves {ID++}
   (You found it on level 6 of the Dungeon)

   It heals its wearer when they drink unknown potions.
   It restores its wearer's MP when they read unknown scrolls.
 O - the +0 pair of gloves of the Devil's Advocate (worn) {rCorr Str+2 Int+3}
   (You bought it in a shop on level 2 of the Orcish Mines)

   Str:       It affects your strength (+2).
   Int:       It affects your intelligence (+3).
   rCorr:     It protects you from acid and corrosion.
 Q - the +4 Cigotuvi's embrace {rMiasma Drain rN+}
   (You found it on level 13 of the Dungeon)

   It gathers nearby corpses to temporarily increase the armour it provides.
   It protects you from foul pestilence.
   rN:        It protects you from negative energy.
   Drain:     It drains your maximum health when unequipped.
 Y - a +1 kite shield of poison resistance (worn)
Jewellery
 f - a +4 ring of protection (left hand)
 B - a ring of poison resistance
 D - a ring of protection from fire
 F - a ring of protection from cold
 N - a ring of positive energy
 P - a +4 ring of evasion (right hand)
 R - an amulet of regeneration (around neck)
 S - a +6 ring of dexterity
 Z - a ring of flight
Wands
 v - a wand of iceblast (2)
Scrolls
 a - a scroll of blinking
 c - a scroll of butterflies
 n - a scroll of enchant weapon
 q - 3 scrolls of poison
 r - 3 scrolls of silence
 C - 5 scrolls of immolation
 I - a scroll of summoning
 J - 2 scrolls of magic mapping
 L - a scroll of teleportation
 W - 6 scrolls of identify
Potions
 b - 4 potions of brilliance
 i - a potion of curing
 k - 3 potions of magic
 o - 2 potions of cancellation
 s - 5 potions of flight
 t - a potion of resistance
 u - 2 potions of haste
 A - 4 potions of lignification
 E - 2 potions of ambrosia
 X - 5 potions of might
Miscellaneous
 U - a lightning rod (4/4)


   Skills:
 * Level 18.4 Fighting
 - Level 18.0 Axes
 + Level 7.7 Throwing
 + Level 14.9 Armour
 + Level 14.8 Shields
 * Level 15.0 Evocations


You had 17 spell levels left.
You didn't know any spells.
Your spell library contained the following spells:

 Spells                   Type           Power      Damage    Failure   Level
 Beastly Appendage        Tmut           0%         N/A       98%         1
 Foxfire                  Conj/Fire      0%         2x1d4     98%         1
 Freeze                   Ice            0%         1d3       98%         1
 Magic Dart               Conj           0%         1d3       98%         1
 Passwall                 Tmut/Erth      0%         N/A       99%         2
 Poisonous Vapours        Pois/Air       0%         N/A       99%         2
 Searing Ray              Conj           0%         2d4       99%         2
 Sublimation of Blood     Necr           0%         N/A       99%         2
 Wereblood                Tmut           0%         N/A       99%         2
 Conjure Flame            Conj/Fire      0%         6-21      100%        3
 Frozen Ramparts          Ice            0%         1d1       100%        3
 Inner Flame              Hex/Fire       0%         N/A       100%        3
 Spider Form              Tmut/Pois      0%         N/A       100%        3
 Animate Armour           Summ/Erth      0%         N/A       100%        4
 Animate Dead             Necr           0%         N/A       100%        4
 Corpse Rot               Necr/Pois/Air  0%         N/A       100%        4
 Flame Wave               Conj/Fire      0%         2d4       100%        4
 Fulminant Prism          Conj/Hex       0%         3d6       100%        4
 Hailstorm                Conj/Ice       0%         3d3       100%        4
 Borgnjor's Vile Clutch   Necr/Erth      0%         N/A       100%        5
 Death Channel            Necr           0%         N/A       100%        6
 Death's Door             Necr           0%         N/A       100%        9


Dungeon Overview and Level Annotations

Branches:
Dungeon (15/15)            Temple (1/1) D:7            Lair (5/5) D:8
 Shoals (4/4) Lair:3        Snake (3/4) Lair:3        Slime (0/5) Lair:4
    Orc (2/2) D:12            Elf (0/3) Orc:2        Vaults (0/5) D:13
 Depths (0/4) D:15

Altars:
Ashenzari
Cheibriados
Dithmenos
Elyvilon
Fedhas
Gozag
Hepliaklqana
Kikubaaqudgha
Makhleb
Nemelex Xobeh
Okawaru
Qazlal
Ru
Sif Muna
Trog
Uskayaw
Vehumet
Wu Jian
Xom
Yredelemnul
Zin
The Shining One
Jiyva

Shops:
D:2 (=(   D:8 !(   Orc:1 !   Orc:2 (*[!   Shoals:2 (?[

Annotations:
D:6 2 runed translucent doors
Lair:4 1 runed translucent door
Shoals:1 Donald
Shoals:4 Mara


Message History

The nagaraja casts a spell at you. The poison arrow hits you!
You are more poisoned.
You partially resist.
* * * LOW HITPOINT WARNING * * *
The naga sharpshooter casts a spell.
The naga sharpshooter magically shoots a bolt.
The bolt completely misses you.
The sentinel's mark upon you fades away.
You feel very sick. The nagaraja casts a spell at you.
The poison arrow hits you.
You are more poisoned.
You partially resist.
* * * LOW HITPOINT WARNING * * *
The nagaraja points at you and mumbles some strange words.
You feel firmly anchored in space.
The naga sharpshooter unwields a +0 battleaxe.
The naga sharpshooter wields a +0 arbalest.
The naga sharpshooter mumbles some strange words.
The naga sharpshooter magically shoots a bolt.
You block the bolt.
A naga sharpshooter comes into view. It is wielding a +0 short sword.
The naga sharpshooter mumbles some strange words.
The naga sharpshooter magically shoots a bolt.
The bolt hits you!!
* * * LOW HITPOINT WARNING * * *
You feel very sick.
The naga sharpshooter shoots a bolt.
The bolt hits you!
* * * LOW HITPOINT WARNING * * *
* * * LOW HITPOINT WARNING * * *
You feel very sick.
The naga sharpshooter mumbles some strange words.
The naga sharpshooter magically shoots a bolt.
You block the bolt.
There is an open door, spattered with blood here.
Things that are here:
a +0 trident; a naga corpse You feel better.
The naga sharpshooter shoots a bolt.
The bolt hits you!
You die...

##....♣....### .##
##.).....##. ..##
#.♣..N♣.#..# ...##
##....NN.##..#....##
###....♣..N.##.)#....##
##....^.......##.)#....##
.†)..#######...#))†.....#
....## #...##)).....#
..### ##.♣.@.....### ###
#...#....## ##'##...##
.....#.## ..#... ##
........# ... .... ......


You could see a nagaraja (fast) and 3 naga sharpshooters.

Vanquished Creatures
  Rupert (D:13)
  Asterion (Snake:2)
  Polyphemus (Shoals:2)
  Gastronok (D:11)
  Agnes (Snake:1)
  A kraken (Shoals:2)
  Frances (D:13)
  3 nagarajas (Snake:3)
  Aizul (Snake:2)
  A stone giant (D:15)
  Azrael (D:13)
  2 merfolk javelineers (Shoals:3)
  A merfolk impaler (Shoals:3)
  Snorg (D:11)
  Josephine (Shoals:1)
  A fire dragon (Lair:5)
  Erolcha (D:11)
  9 hydras
  A salamander tyrant (Snake:3)
  6 boulder beetles
  3 catoblepae
  5 two-headed ogres
  An ogre mage (D:13)
  An alligator snapping turtle (Shoals:1)
  A merfolk aquamancer (Shoals:1)
  6 centaur warriors
  3 merfolk avatars
  3 naga warriors (Snake:3)
  A satyr (Shoals:2)
  6 anacondas
  4 tengu warriors (D:15)
  11 death yaks
  17 naga sharpshooters
  5 shock serpents
  Urug (Lair:2)
  3 soul eaters (D:13)
  4 skeletal warriors (D:15)
  3 salamander mystics
  11 sea snakes
  2 naga ritualists
  A wizard (D:14)
  7 orc knights
  A swamp dragon (Lair:5)
  A lindwurm (Lair:4)
  2 wolf spiders (Lair:5)
  An iron dragon zombie (D:13)
  A golden dragon skeleton (D:13)
  8 salamanders
  2 orc sorcerers
  6 fauns (Shoals:2)
  15 ugly things
  5 manticores
  A frost giant zombie (D:13)
  4 mana vipers
  6 cyclopes
  2 frost giant skeletons (D:13)
  4 guardian serpents
  15 elephants
  5 merfolk sirens
  31 black mambas
  A fire giant skeleton (D:13)
  5 water nymphs
  2 torpor snails
  6 naga magi
  8 cane toads
  An unseen horror (D:13)
  An efreet (D:15)
  A kobold demonologist (Orc:1)
  4 rime drakes
  9 komodo dragons
  A spriggan skeleton (D:13)
  5 hornets
  11 merfolk
  2 trolls
  A polar bear (Lair:2)
  Grinder (D:3)
  4 wind drakes
  10 slime creatures
  Prince Ribbit (D:7)
  10 blink frogs
  14 dream sheep
  5 snapping turtles
  37 yaks
  2 shadows
  7 water elementals
  4 fire elementals (D:13)
  6 wraiths
  9 wyverns
  A basilisk (shapeshifter) (D:15)
  A redback (Lair:5)
  15 basilisks
  4 steam dragons
  2 wargs (Orc:1)
  18 nagas
  A naga (shapeshifter) (D:15)
  3 acid dragons
  3 hell hounds (D:13)
  A glowing shapeshifter skeleton (D:13)
  29 water moccasins
  2 swamp drakes (Lair:5)
  31 orc warriors
  2 tengu skeletons (D:13)
  A black bear (D:6)
  3 ice beasts
  7 ogres
  25 wolves
  23 centaurs
  A phantom (D:5)
  19 kobold brigands
  4 bullfrogs
  A gnoll sergeant (D:9)
  A scorpion (D:6)
  3 troll zombies (D:12)
  4 killer bees (D:10)
  4 electric eels
  4 howler monkeys
  2 hounds
  3 jellies
  14 orc priests
  6 iguanas
  Terence (D:2)
  17 orc wizards
  5 ogre zombies (D:12)
  6 adders
  11 gnolls
  A shadow imp (D:7)
  4 ufetubi
  3 worms
  3 dart slugs
  72 orcs
  8 ball pythons
  5 endoplasms
  4 giant cockroaches
  7 goblins
  12 hobgoblins
  4 jackals (D:2)
  3 quokkas
  4 bats
  6 frilled lizards
  2 goblin skeletons (D:12)
  5 goblin zombies (D:12)
  4 hobgoblin zombies (D:12)
  20 kobolds
  3 orc skeletons (D:12)
  11 orc zombies (D:12)
  12 rats
  2 tentacles (Shoals:2)
886 creatures vanquished.

Vanquished Creatures (others)
  Ilsuiw (Shoals:3)
  An ugly thing (D:13)
  A komodo dragon (Lair:5)
  47 fungi
  177 plants
  7 tentacles (Shoals:2)
234 creatures vanquished.

Grand Total: 1120 creatures vanquished

Notes
Turn   | Place    | Note
-------+----------+-------------------------------------------
     0 | D:1      | LabCoat the Hill Orc Fighter began the quest for the Orb.
     0 | D:1      | Reached XP level 1. HP: 19/19 MP: 1/1
    28 | D:1      | Reached XP level 2. HP: 26/27 MP: 2/2
   487 | D:1      | Reached XP level 3. HP: 31/33 MP: 3/3
   547 | D:1      | Found a faded altar of an unknown god.
  1183 | D:2      | Found Qutemo's Weapon Shoppe.
  1323 | D:2      | Noticed Terence
  1336 | D:2      | Killed Terence
  1337 | D:2      | Reached XP level 4. HP: 24/40 MP: 4/4
  1541 | D:2      | Found Kukh's Jewellery Emporium.
  1701 | D:2      | Found Nafid's Weapon Shop.
  2255 | D:3      | Reached XP level 5. HP: 27/47 MP: 5/5
  2869 | D:3      | Noticed Grinder
  3405 | D:3      | Reached skill level 5 in Axes
  3594 | D:4      | Reached XP level 6. HP: 19/55 MP: 6/6
  3875 | D:4      | Reached skill level 1 in Evocations
  3987 | D:4      | Reached skill level 5 in Fighting
  4130 | D:4      | Found a large runed translucent door.
  4131 | D:4      | Found a large runed translucent door.
  4258 | D:4      | Found a shimmering blue altar of Sif Muna.
  4454 | D:4      | Found an opulent altar of Gozag.
  4459 | D:4      | Found a glowing golden altar of the Shining One.
  4464 | D:4      | Reached XP level 7. HP: 57/61 MP: 7/7
  4525 | D:5      | Entered Level 5 of the Dungeon
  5220 | D:5      | Reached skill level 5 in Armour
  5220 | D:5      | Reached skill level 5 in Shields
  5496 | D:5      | Reached XP level 8. HP: 58/70 MP: 8/8
  6243 | D:6      | Found the +1 Delatra's gloves {ID++}
  6432 | D:6      | Found a runed translucent door.
  6434 | D:6      | Found a runed translucent door.
  6869 | D:7      | Noticed Prince Ribbit
  6891 | D:7      | Killed Prince Ribbit
  6892 | D:7      | Reached skill level 1 in Throwing
  7087 | D:7      | Found a staircase to the Ecumenical Temple.
  7094 | Temple   | Entered the Ecumenical Temple
  7100 | Temple   | Became a worshipper of Trog the Wrathful
  7212 | D:7      | Reached XP level 9. HP: 75/78 MP: 9/9
  7773 | D:8      | Found a staircase to the Lair.
  8150 | D:8      | Found Duqiemmi's Distillery.
  8201 | D:8      | Found Kion Zos's Weapon Boutique.
  8449 | Lair:1   | Entered Level 1 of the Lair of Beasts
  8511 | Lair:1   | Noticed a komodo dragon
  8832 | Lair:1   | Killed a komodo dragon
  8833 | Lair:1   | Reached skill level 10 in Axes
  8845 | Lair:1   | Reached XP level 10. HP: 11/86 MP: 10/10
  9241 | Lair:1   | Reached skill level 5 in Evocations
  9661 | Lair:1   | Reached * piety under Trog
  9824 | Lair:1   | Reached XP level 11. HP: 40/95 MP: 11/11
 10829 | Lair:2   | Noticed a death yak
 10829 | Lair:2   | Noticed a death yak
 10881 | Lair:2   | Noticed Urug
 10896 | Lair:2   | Killed Urug
 11309 | Lair:2   | Reached skill level 5 in Throwing
 11600 | Lair:2   | Noticed a five-headed hydra
 11615 | Lair:2   | Killed a five-headed hydra
 12003 | Lair:2   | Noticed a death yak
 12006 | Lair:2   | Noticed a death yak
 12008 | Lair:2   | Noticed a death yak
 12014 | Lair:2   | Killed a death yak
 12022 | Lair:2   | Killed a death yak
 12028 | Lair:2   | Killed a death yak
 12029 | Lair:2   | Reached XP level 12. HP: 67/106 MP: 12/12
 12031 | Lair:2   | Killed a death yak
 12046 | Lair:2   | Killed a death yak
 12047 | Lair:2   | Reached skill level 10 in Fighting
 12556 | Lair:2   | Reached ** piety under Trog
 13047 | Lair:3   | Found a staircase to the Shoals.
 13508 | Lair:3   | Noticed a five-headed hydra
 13517 | Lair:3   | Killed a five-headed hydra
 13518 | Lair:3   | Reached skill level 15 in Axes
 14205 | Lair:3   | Noticed a seven-headed hydra
 14217 | Lair:3   | Killed a seven-headed hydra
 14310 | Lair:3   | Found a staircase to the Snake Pit.
 14608 | Lair:3   | Reached skill level 10 in Armour
 14755 | Lair:3   | Reached skill level 10 in Shields
 14755 | Lair:3   | Reached XP level 13. HP: 95/116 MP: 13/13
 16013 | Lair:4   | Found a runed translucent door.
 16013 | Lair:4   | Found a viscous altar of Jiyva.
 16014 | Lair:4   | Found a staircase to the Slime Pits.
 16740 | Lair:5   | Entered Level 5 of the Lair of Beasts
 17060 | Lair:5   | Reached *** piety under Trog
 18752 | Lair:5   | Reached XP level 14. HP: 100/126 MP: 14/14
 19507 | Lair:5   | Reached **** piety under Trog
 21068 | Lair:5   | Got the Precepts of Telluric Wicked Mysteries
 21069 | Lair:5   | Identified the +8 war axe of Geiclih {distort, Str+3}
 21735 | D:9      | Reached skill level 10 in Evocations
 22262 | D:10     | Entered Level 10 of the Dungeon
 22452 | D:10     | Found a sparkling altar of Nemelex Xobeh.
 23001 | D:11     | Noticed Erolcha
 23009 | D:11     | Killed Erolcha
 23227 | D:11     | Identified the +1 ring mail "Ceajoucs" {rN+}
 23330 | D:11     | Noticed Gastronok
 23345 | D:11     | Killed Gastronok
 23840 | D:11     | Noticed Snorg
 23846 | D:11     | Reached ***** piety under Trog
 23859 | D:11     | Killed Snorg
 24834 | D:12     | Found a staircase to the Orcish Mines.
 24834 | D:12     | Paralysed by an orc sorcerer for 2 turns
 24917 | D:12     | Reached XP level 15. HP: 76/136 MP: 15/15
 25809 | Orc:1    | Entered Level 1 of the Orcish Mines
 25880 | Orc:1    | Found Waoness's Distillery.
 25892 | Orc:1    | Bought a potion of curing for 33 gold pieces
 25892 | Orc:1    | Bought a potion of might for 44 gold pieces
 25892 | Orc:1    | Bought a potion of heal wounds for 55 gold pieces
 26705 | Orc:2    | Entered Level 2 of the Orcish Mines
 26918 | Orc:1    | Received a gift from Trog
 28000 | Orc:2    | Found Ewotwokk's Assorted Antiques.
 28000 | Orc:2    | Found Jionyiw's Armour Shoppe.
 28002 | Orc:2    | Found Neleol's Distillery.
 28004 | Orc:2    | Found Piedaes's Antique Weapon Boutique.
 28028 | Orc:2    | Bought a wooden ring for 145 gold pieces
 28028 | Orc:2    | Bought a pair of jewelled gloves for 275 gold pieces
 28028 | Orc:2    | Identified the +0 pair of gloves of the Devil's Advocate
                  | {rCorr Str+2 Int+3} (You bought it in a shop on level 2 of
                  | the Orcish Mines)
 28141 | Orc:2    | Found a staircase to the Elven Halls.
 28811 | D:13     | Received a gift from Trog
 28980 | D:13     | Noticed Azrael
 28999 | D:13     | Killed Azrael
 29004 | D:13     | Noticed Frances
 29428 | D:13     | Found a gate to the Vaults.
 29679 | D:13     | Killed Frances
 29834 | D:13     | Found the +4 Cigotuvi's embrace {rMiasma Drain rN+}
 29862 | D:13     | Reached skill level 15 in Fighting
 31046 | D:14     | Found a sacrificial altar of Ru.
 31101 | D:15     | Entered Level 15 of the Dungeon
 31156 | D:15     | Reached XP level 16. HP: 149/149 MP: 5/16
 31343 | D:15     | Found a stormy altar of Qazlal.
 31541 | D:15     | Received a gift from Trog
 31937 | D:15     | Found a staircase to the Depths.
 32393 | Shoals:1 | Entered Level 1 of the Shoals
 32449 | Shoals:1 | Noticed Josephine
 32460 | Shoals:1 | Killed Josephine
 32713 | Shoals:1 | Noticed Donald
 32722 | Abyss:3  | Cast into level 3 of the Abyss (Donald)
 32742 | Shoals:1 | Escaped the Abyss
 32798 | Snake:1  | Entered Level 1 of the Snake Pit
 33172 | Snake:1  | Noticed Agnes
 33189 | Snake:1  | Killed Agnes
 34425 | Snake:2  | Noticed Asterion
 34445 | Snake:2  | Killed Asterion
 34652 | Snake:2  | Noticed Aizul
 34666 | Snake:2  | HP: 10/228 [Aizul (6)]
 34672 | Snake:2  | HP: 11/228 [Aizul (3)]
 34678 | Snake:2  | HP: 2/228 [Aizul (11)]
 34679 | Snake:2  | Killed Aizul
 34994 | Orc:2    | Bought a potion of curing for 36 gold pieces
 34994 | Orc:2    | Bought a potion of curing for 36 gold pieces
 34994 | Orc:2    | Bought a potion of might for 48 gold pieces
 34994 | Orc:2    | Bought a potion of haste for 120 gold pieces
 34994 | Orc:2    | Bought a potion of berserk rage for 60 gold pieces
 35032 | Orc:1    | Bought a potion of might for 44 gold pieces
 35032 | Orc:1    | Bought a potion of haste for 110 gold pieces
 35032 | Orc:1    | Bought a potion of flight for 33 gold pieces
 35032 | Orc:1    | Bought a potion of flight for 33 gold pieces
 35123 | D:8      | Bought a potion of might for 48 gold pieces
 35123 | D:8      | Bought a potion of haste for 120 gold pieces
 35123 | D:8      | Bought 2 potions of might for 96 gold pieces
 35123 | D:8      | Bought a potion of might for 48 gold pieces
 35123 | D:8      | Bought a potion of curing for 36 gold pieces
 35262 | D:3      | Killed Grinder
 35282 | D:2      | Bought a ring of flight for 210 gold pieces
 35328 | D:2      | Bought a +4 ring of protection for 432 gold pieces
 35840 | Snake:2  | Identified the +5 hand crossbow "Opyis" {vorpal, rPois
                  | Dex+3 Stlth+}
 36555 | Snake:2  | Reached XP level 17. HP: 113/160 MP: 17/17
 38643 | Shoals:2 | Noticed Polyphemus
 38936 | Shoals:2 | Received a gift from Trog
 39014 | Shoals:2 | Found Tyzee's Magic Scroll Shop.
 39023 | Shoals:2 | Bought a scroll of teleportation for 33 gold pieces
 39023 | Shoals:2 | Bought a scroll of enchant armour for 82 gold pieces
 39370 | Shoals:2 | Killed Polyphemus
 39542 | Shoals:2 | Found Othaho Afam's Weapon Emporium.
 39656 | Shoals:2 | Found Rystur's Armour Shoppe.
 39749 | Shoals:2 | Noticed a kraken
 39761 | Shoals:2 | Killed a kraken
 40065 | Shoals:3 | Identified a scroll of acquirement
 40081 | Shoals:2 | Acquired 497 gold pieces
 40165 | Shoals:3 | Noticed Ilsuiw
 40212 | Shoals:3 | Killed Ilsuiw
 41314 | Shoals:4 | Entered Level 4 of the Shoals
 41480 | Shoals:4 | Noticed Mara
 41806 | D:13     | Noticed Rupert
 41818 | D:13     | Killed Rupert
 42105 | Snake:3  | Received a gift from Trog
 42425 | Snake:3  | Reached XP level 18. HP: 126/172 MP: 5/18
 42431 | Snake:3  | Reached skill level 15 in Evocations
 42443 | Snake:3  | HP: 3/173 [naga sharpshooter/bolt (9)]
 42444 | Snake:3  | HP: 1/173 [poisoned by a nagaraja (poison arrow)]
 42445 | Snake:3  | Shot with a bolt by a naga sharpshooter

Illustrated notes

Levels and vault maps discovered:
D:1:      minmay_arrival_diagonal_passages, layout_loops_ring,
          dilly_ecumenical_altar_fadedgnrine
D:2:      layout_basic, serial_shops, nicolae_diamond_shop,
          nicolae_shop_bloodbath_and_beyond, nicolae_lakefront_shop,
          minmay_misc_feat_roman, uniq_terence
D:3:      layout_basic, uniq_grinder
D:4:      layout_cave_pools, jmf_multi_god_temple2, lemuel_blue_sif_altar,
          kennysheep_generic_room_10
D:5:      layout_loops_corners
D:6:      lemuel_insect_pit, layout_loops_cross, pf_guarded_unrand_delatra
D:7:      layout_cave_pools, minmay_temple_entry_enclosed_plants,
          chequers_serial_rivers_marsh, uniq_prince_ribbit1
D:8:      nicolae_BIG_FREAKIN_CUBE, layout_loops_cross, lair_entry_dummy,
          serial_shops, shop, shop
D:9:      layout_basic, nicolae_concentric_dashed_squares_mild,
          grunt_ministairs_6, minmay_misc_feat_secret_circle,
          wad_rectangle_vault
D:10:     layout_gridville, nemelex_spade_bored_becter
D:11:     layout_layer_cave, evilmike_butchery, uniq_gastronok, uniq_snorg,
          uniq_erolcha
D:12:     layout_stronghold, zombieorc2_lemuel
D:13:     layout_loops_ring, david_vaults_2, hellmonk_guarded_unrand_cigotuvi,
          uniq_rupert, uniq_azrael, uniq_frances
D:14:     layout_stronghold, nicolae_ru_path_of_blood
D:15:     grunt_enter_depths_snipers, layout_cave_pools,
          nicolae_qazlal_style_of_elements
Temple:   dpeg_three_leaves_temple
Lair:1:   layout_roguey, grunt_megastairs_2
Lair:2:   layout_chaotic_city, lemuel_fruit_tree, uniq_urug
Lair:3:   layout_hall_layers, elwin_shoals_entry_rocks,
          minmay_snake_entry_six_corridors, lemuel_fruit_fields
Lair:4:   layout_cave_pods, slime_entry_2, st_stairs_10
Lair:5:   hangedman_lair_tendril_chambers, layout_regular_city,
          guppyfry_lair_end_dragon, wad_woods_road_02,
          chequers_serial_rivers_large_a
Shoals:1: layout_shoals, uniq_donald, uniq_josephine
Shoals:2: layout_shoals, serial_shops, shop, nicolae_lakefront_shop,
          nicolae_square_shop, uniq_polyphemus
Shoals:3: layout_shoals, uniq_ilsuiw
Shoals:4: shoals_end_hellmonk_storm_palace [storm_palace_center_square,
          storm_palace_corner_altar, storm_palace_corner_blocked,
          storm_palace_corner_grid, storm_palace_corner_pillars], uniq_mara
Snake:1:  layout_onion, nicolae_snake_snake_lake, uniq_agnes
Snake:2:  nicolae_snake_shooting_gallery, layout_misc_corridors,
          nicolae_snake_gridmaze_entwining, hangedman_snake_pattern, uniq_aizul,
          uniq_asterion
Snake:3:  nicolae_aizul_guard, layout_onion_interference,
          gammafunk_ghost_wrathful_warriors, grunt_megastairs_4
Orc:1:    layout_caves, serial_shops, nicolae_shop_hallway_plus, special_room
          [special_room_kobold]
Orc:2:    st_orc_rangers, layout_caves

Skill      XL: |  1  2  3  4  5  6  7  8  9 10 11 12 13 14 15 16 17 18 |
---------------+-------------------------------------------------------+-----
Axes           | 3 4 5 6 7 8 10 12 13 15 17 18 | 18.0
Fighting       | 4 5 6 7 8 9 11 12 13 15 16 18 | 18.4
Armour         | 4 5 6 7 9 10 11 12 13 14 | 14.9
Shields        | 4 5 6 7 8 10 11 12 13 14 | 14.8
Evocations     | 1 2 3 4 5 6 8 9 10 12 13 14 15 | 15.0
Throwing       | 1 3 4 5 6 7 |  7.7

Action                   |  1- 3 |  4- 6 |  7- 9 | 10-12 | 13-15 | 16-18 || total
-------------------------+-------+-------+-------+-------+-------+-------++-------
Melee: War axe           |   115 |   159 |   273 |   434 |   977 |       ||  1958
       Mace              |       |       |       |    49 |    30 |       ||    79
       Flail             |       |       |       |       |    16 |       ||    16
       Broad axe         |       |       |       |       |   368 |   950 ||  1318
Throw: Dart              |       |       |    21 |    20 |    37 |     1 ||    79
       Boomerang         |       |       |       |    15 |       |   269 ||   284
       Javelin           |       |       |       |    10 |    84 |     1 ||    95
Invok: Berserk           |       |       |       |     6 |    10 |     6 ||    22
       Trog's Hand       |       |       |       |     1 |     7 |    10 ||    18
       Brothers in Arms  |       |       |       |       |     1 |       ||     1
 Abil: Evoke Invisibilit |       |       |       |       |       |     1 ||     1
Evoke: Wand              |       |       |     3 |    17 |    26 |    13 ||    59
       Lightning rod     |       |       |       |       |       |     5 ||     5
  Use: Scroll            |     4 |     5 |     6 |     7 |    21 |    13 ||    56
       Potion            |       |     1 |     2 |     7 |     6 |    24 ||    40
 Stab: Paralysed         |       |       |     8 |     2 |       |       ||    10
       Invisible         |       |       |       |       |     5 |     2 ||     7
       Petrified         |       |       |       |       |     4 |       ||     4
Armor: Scale mail        |    58 |    85 |       |       |       |       ||   143
       Ring mail         |       |     1 |    63 |       |       |       ||    64
       Plate armour      |       |       |   112 |   395 |   855 |   508 ||  1870
Dodge: Dodged            |    51 |    67 |    84 |   139 |   331 |   243 ||   915
Block: Buckler           |    21 |    14 |       |       |       |       ||    35
       Kite shield       |       |    60 |   144 |   322 |   801 |   676 ||  2003
